[Event "*** Titled Tuesday Blitz"]
[Site "Chess.com"]
[Date "2020.05.05"]
[Round "6"]
[White "lucasmito"]
[Black "Andrei_Belozerov"]
[Result "0-1"]
[WhiteElo "2423"]
[BlackElo "2575"]
[TimeControl "180+1"]
[EndTime "11:05:44 PDT"]
[Termination "Andrei_Belozerov won by resignation"]

1. e4 c5 2. Nf3 d6 3. Nc3 Nf6 4. d4 cxd4 5. Nxd4 a6 6. Be3 e5 7. Nb3 Be6 8. f3 h5 9. Qd2 Nbd7 10. O-O-O Rc8 11. Kb1 Be7 12. Nd5 Bxd5 13. exd5 g6 14. c4 b6 15. c5 bxc5 16. Bxa6 Ra8 17. Bb7 Ra7 18. Bc6 O-O 19. h4 Qb6 20. g4 Rb8 21. Qc2 Qa6 22. a4 Rb4 23. Nd2 Nb6 24.
Ne4 Nxa4 25. Bxa4 Rxa4 26. Nxf6+ Bxf6 27. Kc1 e4 0-1

[Event "*** Titled Tuesday Blitz"]
[Site "Chess.com"]
[Date "2020.05.05"]
[Round "6"]
[White "EfrenRamos1"]
[Black "CHENNAIBOND"]
[Result "0-1"]
[WhiteElo "2171"]
[BlackElo "1258"]
[TimeControl "180+1"]
[EndTime "11:05:44 PDT"]
[Termination "CHENNAIBOND won on time"]

1. d4 Nf6 2. Nf3 d5 3. c4 e6 4. g3 Bb4+ 5. Nbd2 Be7 6. Qc2 O-O 7. Bg2 c6 8. O-O Nbd7 9. Rd1 b6 10. e4 Bb7 11. b3 dxe4 12. Nxe4 c5 13. Nxf6+ Bxf6 14. Bb2 Qc7 15. d5 exd5 16. cxd5 Rfe8 17. d6 Qc8 18.
Re1 Bxb2 0-1

[Event "*** Titled Tuesday Blitz"]
[Site "Chess.com"]
[Date "2020.05.05"]
[Round "6"]
[White "Arjun2002"]
[Black "Maksimus1998"]
[Result "1-0"]
[WhiteElo "2649"]
[BlackElo "2469"]
[TimeControl "180+1"]
[EndTime "11:05:47 PDT"]
[Termination "Arjun2002 won by resignation"]

1. e4 c5 2. Nf3 e6 3. d4 cxd4 4. Nxd4 a6 5. Bd3 Bc5 6. Nb3 Ba7 7. O-O Nc6 8. Qg4 Nf6 9. Qxg7 Rg8 10. Qh6 d6 11. Bg5 Rg6 12. Qh4 Ne5 13. Be2 b5 14. N1d2 Bb7 15. a4 b4 16. Kh1 h6 17. Bxf6 Qxf6 18. Qxf6 Rxf6 19. f4 Nd7 20. Na5 Bc8 21. Nac4 Ke7 22. Nxd6 Be3 23. N2c4 Bxf4 24. Nxc8+ Rxc8 25.
g3 Bg5 26. h4 Rxf1+ 27. Rxf1 Bf6 28. b3 Bc3 29. Rxf7+ Kxf7 30. Nd6+ Kf6 31. Nxc8 Nc5 32. Kg2 a5 33. Nd6 Be5 34. Nc4 Nxe4 35. Bd3 Nc5 36.
Nxa5 1-0

[Event "*** Titled Tuesday Blitz"]
[Site "Chess.com"]
[Date "2020.05.05"]
[Round "6"]
[White "maciek_92"]
[Black "Hikaru"]
[Result "0-1"]
[WhiteElo "2719"]
[BlackElo "3155"]
[TimeControl "180+1"]
[EndTime "11:05:48 PDT"]
[Termination "Hikaru won by resignation"]

1. e4 g6 2. d4 Bg7 3. Nc3 d6 4. Be3 a6 5. Qd2 b5 6. a3 Nd7 7.
Nf3 Bb7 8. Bd3 Ngf6 9. Bh6 O-O 10. h4 e5 11. dxe5 dxe5 12. O-O-O Qe7 13. Qg5 Bxh6 14.
Qxh6 Ng4 15. Qd2 Rad8 16. h5 Nc5 17. hxg6 fxg6 18. Qe2 Ne6 19. Kb1 Nf4 20. Qf1 c5 21. g3 Nxd3 22. Rxd3 Rxd3 23. Qxd3 Nxf2 24. Nd5 Qg7 25.
Qb3 c4 26. Qb4 Bxd5 27. exd5 Nxh1 28. Ng5 Qd7 29. Ne6 Re8 30. Qc5 Nxg3 31. Qe3 Qxd5 32. Nc7 Qd1+ 33. Ka2 Ne2 0-1

[Event "*** Titled Tuesday Blitz"]
[Site "Chess.com"]
[Date "2020.05.05"]
[Round "6"]
[White "SHIVACalypso"]
[Black "RitvarsReimanis"]
[Result "0-1"]
[WhiteElo "2301"]
[BlackElo "2553"]
[TimeControl "180+1"]
[EndTime "11:05:49 PDT"]
[Termination "RitvarsReimanis won by resignation"]

1. Nf3 Nf6 2. c4 e6 3. g3 d5 4. Bg2 Be7 5. O-O O-O 6. d4 dxc4 7. Qc2 b5 8. a4 b4 9. Qxc4 a5 10. Qc2 Bb7 11. Nbd2 Nbd7 12. b3 c5 13. Bb2 cxd4 14.
Nxd4 Bxg2 15. Kxg2 Rc8 16. Nc4 Nb6 17. Rac1 Nxc4 18. bxc4 Bc5 19. Rfd1 Qd7 20. Nf3 Qe7 21.
Bd4 Nd7 22. Qb2 Bxd4 23. Qxd4 Nc5 24. Ne5 Nb3 25. Qb6 Nxc1 26. Rxc1 Qc7 27. Qa6 Qxe5 0-1

[Event "*** Titled Tuesday Blitz"]
[Site "Chess.com"]
[Date "2020.05.05"]
[Round "6"]
[White "Gromes7"]
[Black "Olga_Zhuravleva"]
[Result "0-1"]
[WhiteElo "2096"]
[BlackElo "2267"]
[TimeControl "180+1"]
[EndTime "11:05:51 PDT"]
[Termination "Olga_Zhuravleva won by resignation"]

1. e4 e5 2. Nf3 Nc6 3. d4 exd4 4. Nxd4 Nf6 5. Nxc6 bxc6 6. Qe2 Qe7 7. e5 Nd5 8. c4 Ba6 9. b3 g6 10. Bb2 Bg7 11.
g3 O-O 12. Bg2 Nb6 13. O-O Rae8 14. Re1 f6 15. e6 Qxe6 16. Qxe6+ Rxe6 17. Rxe6 dxe6 18. Bxc6 Rd8 19. Nc3 Rd2 20. Rb1 f5 21. Na4 Nxa4 22.
Bxg7 Kxg7 23. Bxa4 Rxa2 24. Rd1 Kf6 25. Rd7 Bxc4 26.
Rxc7 Bd5 27. f4 h6 28. Rxa7 Bxb3 29. Bxb3 Rxa7 30. h4 Ra3 0-1

[Event "*** Titled Tuesday Blitz"]
[Site "Chess.com"]
[Date "2020.05.05"]
[Round "6"]
[White "stolencandy13"]
[Black "ShahMatKanal"]
[Result "1-0"]
[WhiteElo "2543"]
[BlackElo "2405"]
[TimeControl "180+1"]
[EndTime "11:05:52 PDT"]
[Termination "stolencandy13 won by checkmate"]

1. e4 c6 2. d4 d5 3. e5 Bf5 4. h4 h5 5. Bd3 Bxd3 6. Qxd3 e6 7. Bg5 Be7 8. Nf3 Nd7 9. Nbd2 b5 10. Kf1 Nh6 11.
g3 Nf5 12. Kg2 Nb6 13. b3 b4 14. Nf1 c5 15. dxc5 Bxc5 16. Bxd8 Rxd8 17. Ne3 Ne7 18. c3 O-O 19. cxb4 Bxb4 20. Nc2 a5 21. a3 Bc5 22. b4 axb4 23. axb4 Bxb4 24. Nxb4 Nc4 25.
Rhc1 Ng6 26. Rxc4 dxc4 27. Qxc4 Rc8 28. Qe4 Rc5 29. Ra7 Rb5 30. Nd3 Rd5 31. Nf4 Nxf4+ 32.
Qxf4 Rfd8 33. Ng5 Rf8 34. Rxf7 Rfd8 35. Rxg7+ Kxg7 36. Qf7+ Kh6 37. Qh7# 1-0

[Event "*** Titled Tuesday Blitz"]
[Site "Chess.com"]
[Date "2020.05.05"]
[Round "6"]
[White "Kavyev_Ruslan"]
[Black "Bagirova"]
[Result "1-0"]
[WhiteElo "2508"]
[BlackElo "2187"]
[TimeControl "180+1"]
[EndTime "11:05:53 PDT"]
[Termination "Kavyev_Ruslan won by resignation"]

1. d4 d5 2. c4 e6 3. Nf3 Nf6 4. g3 Be7 5. Bg2 O-O 6. O-O Nbd7 7. Qc2 c6 8. Nbd2 b6 9. e4 Bb7 10. Rd1 Rc8 11. b3 Qc7 12. Bb2 Qb8 13. Rac1 dxe4 14. Nxe4 c5 15. Nxf6+ Nxf6 16. d5 exd5 17.
Be5 Qa8 18. Ng5 g6 19. cxd5 Nxd5 20. Ne4 Nb4 21. Qe2 f5 22. Rd7 Bxe4 23. Rxe7 Rf7 24.
Qc4 Bd5 25. Qh4 Rxe7 26. Qxe7 1-0

[Event "*** Titled Tuesday Blitz"]
[Site "Chess.com"]
[Date "2020.05.05"]
[Round "6"]
[White "mfwagnerpeixoto"]
[Black "zajka-molotok"]
[Result "1-0"]
[WhiteElo "2210"]
[BlackElo "2371"]
[TimeControl "180+1"]
[EndTime "11:06:03 PDT"]
[Termination "mfwagnerpeixoto won by resignation"]

1. d4 Nf6 2. Nf3 e6 3. c4 b6 4. g3 c6 5. Bg2 Be7 6. O-O O-O 7. Nc3 d5 8. Ne5 Ba6 9. Qa4 Bxc4 10. Nxc4 dxc4 11. Qxc4 Nd5 12. e4 Nf6 13. h3 Qd7 14.
Be3 b5 15. Qe2 a5 16. Rad1 Na6 17. d5 b4 18. Na4 Qb7 19. Nb6 Rad8 20. dxc6 Qxc6 21.
Qxa6 Nxe4 22. Qc4 Qxc4 23. Nxc4 Nf6 24. Nxa5 Nd5 25. Nc6 Rd7 26. Bxd5 exd5 27. Nxe7+ Rxe7 28. Bc5 1-0

[Event "*** Titled Tuesday Blitz"]
[Site "Chess.com"]
[Date "2020.05.05"]
[Round "6"]
[White "Klavdia_Nik"]
[Black "maxsergej"]
[Result "1/2-1/2"]
[WhiteElo "1949"]
[BlackElo "2116"]
[TimeControl "180+1"]
[EndTime "11:06:03 PDT"]
[Termination "Game drawn by agreement"]

1. Nf3 d5 2. c4 c6 3. b3 Nf6 4. Bb2 Nbd7 5. g3 g6 6. Bg2 Bg7 7. O-O O-O 8. d3 Re8 9. Nbd2 b6 10. Ne5 Nxe5 11. Bxe5 Bb7 12. Qc2 Nd7 13. Bxg7 Kxg7 14.
d4 Nf6 15. Rad1 Rc8 16. e4 dxe4 17. Nxe4 Qc7 18. Nxf6 Kxf6 19. d5 Kg7 20. Qc3+ Kg8 21. h4 cxd5 22. Bxd5 Bxd5 23. Rxd5 Red8 24. Rfd1 Rxd5 25.
Rxd5 Rd8 26. Qd4 Rxd5 27. Qxd5 e6 28. Qd4 a5 29. h5 Qc5 30. Qxc5 bxc5 31. h6 e5 32. f4 e4 33. g4 f5 34. g5 Kf7 35.
a4 Ke6 36. Kf2 Kd6 1/2-1/2

[Event "*** Titled Tuesday Blitz"]
[Site "Chess.com"]
[Date "2020.05.05"]
[Round "6"]
[White "AndrewDGreen"]
[Black "Aradej"]
[Result "0-1"]
[WhiteElo "2285"]
[BlackElo "2548"]
[TimeControl "180+1"]
[EndTime "11:06:04 PDT"]
[Termination "Aradej won by checkmate"]

1. e4 d6 2. d4 Nf6 3. Nc3 e5 4. Nf3 Nbd7 5. Bc4 Be7 6. a4 O-O 7.
O-O c6 8. h3 exd4 9. Qxd4 Nc5 10.
Re1 Be6 11. Bf4 Bxc4 12. Qxc4 Ne6 13. Bg3 d5 14. exd5 cxd5 15. Qb5 d4 16. Rad1 Bc5 17. Rxe6 fxe6 18. Qxc5 Rc8 19. Qxa7 Nh5 20. Rxd4 Qf6 21. Be5 Qf5 22. Qxb7 Qxc2 23. Rg4 g6 24. Qd7 Rce8 25. Ng5 Qxf2+ 26. Kh1 Qe1+ 27. Kh2 Qxe5+ 28. Kh1 Rf1# 0-1

[Event "*** Titled Tuesday Blitz"]
[Site "Chess.com"]
[Date "2020.05.05"]
[Round "6"]
[White "DortmundCity"]
[Black "MihailNik"]
[Result "1-0"]
[WhiteElo "2445"]
[BlackElo "2712"]
[TimeControl "180+1"]
[EndTime "11:06:06 PDT"]
[Termination "DortmundCity won by resignation"]

1. e4 e6 2. d4 d5 3. e5 c5 4. c3 Nc6 5. Be3 Qb6 6. Qd2 Nh6 7. Bd3 Bd7 8. Nf3 Ng4 9. O-O f6 10.
exf6 gxf6 11. Bf4 e5 12. dxe5 fxe5 13. Bg5 e4 14. h3 Nge5 15. Nxe5 Nxe5 16. Be2 Qg6 17.
f4 exf3 18. Bxf3 Be6 19. Na3 Nxf3+ 20. Rxf3 Bg7 21. Nb5 Kd7 22. Qf4 Kc6 23. Qc7+ Kxb5 24. Qxb7+ Ka5 25. b4+ cxb4 26. cxb4+ Ka4 27. Qc6+ Kxb4 28.
Rb3+ 1-0

[Event "*** Titled Tuesday Blitz"]
[Site "Chess.com"]
[Date "2020.05.05"]
[Round "6"]
[White "aakankshachess"]
[Black "Biranidun"]
[Result "1-0"]
[WhiteElo "2514"]
[BlackElo "2692"]
[TimeControl "180+1"]
[EndTime "11:06:07 PDT"]
[Termination "aakankshachess won on time"]

1. e4 c5 2. Nf3 d6 3. Bb5+ Nd7 4. O-O a6 5. Bxd7+ Bxd7 6. d4 cxd4 7. Qxd4 e5 8. Qd3 Rc8 9. c4 Qc7 10. b3 b5 11. Na3 Qb7 12. cxb5 axb5 13. Bb2 Nf6 14.
Rfe1 Be7 15. h3 O-O 16. Nd2 Bc6 17. Nc2 b4 18. Rac1 Rc7 19. f3 Ra8 20. Nc4 Rxa2 21. Ra1 Rxa1 22. Rxa1 Bb5 23. N2e3 g6 24. Qd2 Qc6 25.
Qxb4 d5 26. exd5 Nxd5 27. Qe1 Bc5 28. Kh1 Nxe3 29. Nxe3 f6 30. Rc1 Qe6 31. Qa5 Qb6 32. Qa8+ Kg7 33. Nd5 Qc6 34. Nxc7 Qxc7 35. Qd5 1-0

[Event "*** Titled Tuesday Blitz"]
[Site "Chess.com"]
[Date "2020.05.05"]
[Round "6"]
[White "Sashadav97"]
[Black "turayev_shahruh17"]
[Result "1-0"]
[WhiteElo "2762"]
[BlackElo "2548"]
[TimeControl "180+1"]
[EndTime "11:06:09 PDT"]
[Termination "Sashadav97 won by checkmate"]

1. d4 d5 2. c4 e6 3. Nc3 a6 4.
cxd5 exd5 5. Bf4 c6 6. e3 Bd6 7. Qf3 Bxf4 8. Qxf4 Qf6 9. Qc7 Qd8 10. Qe5+ Ne7 11.
Qxg7 Rg8 12. Qxh7 Bf5 13. Qh5 Qb6 14. Qe2 Nd7 15. Qd2 c5 16. Nge2 c4 17. Ng3 Be6 18.
Be2 O-O-O 19. b3 Kb8 20. bxc4 dxc4 21. Rb1 Qa5 22. Bf3 Nb6 23. O-O Bd5 24. e4 Bc6 25. d5 f5 26. Qf4+ Ka7 27. dxc6 Qxc3 28. Qc7 Nxc6 29.
Qxb6+ Ka8 30. Qxb7# 1-0

[Event "*** Titled Tuesday Blitz"]
[Site "Chess.com"]
[Date "2020.05.05"]
[Round "6"]
[White "Alexander_Donchenko"]
[Black "lamomiablanca"]
[Result "1-0"]
[WhiteElo "2781"]
[BlackElo "2154"]
[TimeControl "180+1"]
[EndTime "11:06:09 PDT"]
[Termination "Alexander_Donchenko won by resignation"]

1. e4 c5 2. Nf3 Nc6 3. Bb5 g6 4.
Bxc6 dxc6 5. d3 Bg7 6. Nc3 Nf6 7.
Be3 b6 8. O-O O-O 9. Qd2 e5 10.
Bh6 Qd6 11. a4 a5 12. h3 Re8 13. Bxg7 Kxg7 14. Qe3 Nh5 15. Ne2 Qf6 16. Nd2 Nf4 17. Nc4 Nxe2+ 18. Qxe2 Rb8 19. Qd2 Be6 20. b3 Red8 21. Rab1 Rd4 22. f4 exf4 23. Rxf4 Qe7 24. Rbf1 Qc7 25. Ne3 Rbd8 26. Qf2 Kg8 27. Qh4 R8d7 28.
Qh6 Qe5 29. Rf6 b5 30. Rxe6 Qxe6 31. Ng4 f5 32. exf5 Qf7 33. fxg6 1-0

[Event "*** Titled Tuesday Blitz"]
[Site "Chess.com"]
[Date "2020.05.05"]
[Round "6"]
[White "AleksanderHnydiuk"]
[Black "cuprichanin"]
[Result "1-0"]
[WhiteElo "2561"]
[BlackElo "2332"]
[TimeControl "180+1"]
[EndTime "11:06:10 PDT"]
[Termination "AleksanderHnydiuk won by checkmate"]

1. Nf3 f5 2. g3 Nc6 3. d4 d5 4. Bg2 Nf6 5. O-O e6 6. c4 h5 7. Bg5 Be7 8. Nc3 Ne4 9. Bxe7 Qxe7 10.
cxd5 Nxc3 11. bxc3 exd5 12. Qb3 Qf7 13. Ng5 Qf6 14.
h4 Ne7 15. Bxd5 Nxd5 16. Qxd5 Bd7 17. Qxb7 Bc6 18. Qxc7 O-O 19. Qe5 Qxe5 20. dxe5 f4 21. Ne6 Rf5 22. Nd4 Rxe5 23. Nxc6 Rxe2 24. Rfe1 Rc2 25.
Ne7+ Kh7 26. Re5 g6 27. Nd5 fxg3 28. fxg3 Rb8 29. Re7+ Kh6 30. Nf6 g5 31. Rf1 Rbb2 32. Ng8+ Kg6 33. Rf6# 1-0

[Event "*** Titled Tuesday Blitz"]
[Site "Chess.com"]
[Date "2020.05.05"]
[Round "6"]
[White "RATNAKARAN"]
[Black "Perimir"]
[Result "1-0"]
[WhiteElo "2567"]
[BlackElo "2352"]
[TimeControl "180+1"]
[EndTime "11:06:11 PDT"]
[Termination "RATNAKARAN won by resignation"]

1. e4 c5 2. Nf3 Nc6 3. Bb5 g6 4. O-O Bg7 5. Re1 Nf6 6. e5 Nd5 7. Nc3 Nc7 8. Bxc6 dxc6 9. Ne4 Ne6 10. d3 O-O 11. Be3 b6 12. Qd2 Qd5 13. Bh6 Nd4 14.
Nxd4 cxd4 15. Bxg7 Kxg7 16. Qg5 Qe6 17. f4 Qg4 18. Qxe7 Qxf4 19. Rf1 Qe3+ 20. Kh1 Be6 21.
Rae1 Qh6 22. Nd6 Qd2 23. Re4 Qxc2 24. Ref4 Bd5 25. R4f2 Qxd3 26. Nxf7 Qxf1+ 27. Rxf1 Rxf7 28. Rxf7+ Bxf7 29. e6 Rf8 30. exf7 Rxf7 31. Qe5+ Kg8 32. Kg1 c5 33. h4 Rf5 34. Qb8+ Rf8 35. Qxa7 Rf6 36.
Qe7 Rf4 37. Qe6+ Kg7 38. Qxb6 Rf5 39. Qc7+ Kf6 40. Qd6+ Kf7 41. a4 c4 42. Qxd4 1-0

[Event "*** Titled Tuesday Blitz"]
[Site "Chess.com"]
[Date "2020.05.05"]
[Round "6"]
[White "Quaternitychess"]
[Black "Pechen_Yeltsina"]
[Result "1-0"]
[WhiteElo "2478"]
[BlackElo "2716"]
[TimeControl "180+1"]
[EndTime "11:06:12 PDT"]
[Termination "Quaternitychess won by checkmate"]

1. e4 g6 2. d4 Bg7 3. h4 h6 4. Nc3 d6 5. f4 Nd7 6. Nf3 c5 7. Be3 b6 8. h5 gxh5 9. Bc4 e6 10. Nb5 Ndf6 11. e5 dxe5 12. dxe5 Ng4 13. Qe2 Ne7 14. Rd1 Bd7 15. Nd6+ Kf8 16. Rxh5 Nc8 17.
Nxf7 Kxf7 18. f5 Qe8 19. Rxd7+ Kf8 20. Nh4 Qxh5 21. Ng6+ Ke8 22. Qf3 Qxf5 23. Qc6 Nxe5 24. Nxe5 Bxe5 25. Bxe6 Bg3+ 26. Kd2 Ne7 27. Rd8+ Kxd8 28.
Qd7# 1-0

[Event "*** Titled Tuesday Blitz"]
[Site "Chess.com"]
[Date "2020.05.05"]
[Round "6"]
[White "Marty435"]
[Black "SummertimeFun"]
[Result "1-0"]
[WhiteElo "2519"]
[BlackElo "2189"]
[TimeControl "180+1"]
[EndTime "11:06:13 PDT"]
[Termination "Marty435 won on time"]

1. b3 d5 2. Bb2 Nf6 3. e3 Bf5 4. Nf3 e6 5. c4 c5 6. Nc3 Nc6 7. cxd5 exd5 8. d4 cxd4 9. Nxd4 Nxd4 10. Qxd4 Be7 11. Bb5+ Bd7 12. Bxd7+ Qxd7 13. Rd1 Rd8 14. O-O O-O 15. Rd3 Bd6 16. Rfd1 Qf5 17. h3 Be5 18. Qxa7 Bxc3 19. Bxc3 Ne4 20. Be1 Ng5 21. Qxb7 Qg6 22.
Kh1 Qe4 23. Rd4 Qe6 24. Rxd5 Rb8 25. Qxb8 Nxh3 26. Rd8 Nxf2+ 27. Bxf2 1-0

[Event "*** Titled Tuesday Blitz"]
[Site "Chess.com"]
[Date "2020.05.05"]
[Round "6"]
[White "allvim"]
[Black "GM_LOADING"]
[Result "0-1"]
[WhiteElo "2339"]
[BlackElo "2531"]
[TimeControl "180+1"]
[EndTime "11:06:14 PDT"]
[Termination "GM_LOADING won on time"]

1. e4 e5 2. Nf3 Nc6 3. Bc4 Nf6 4.
O-O Nxe4 5. Nc3 Nxc3 6. dxc3 f6 7. Nh4 g6 8. f4 d6 9. f5 Ne7 10. fxg6 hxg6 11. Rxf6 Rxh4 12. Bf7+ Kd7 13. Bg5 Re4 14. Qd3 Bg7 15. Qxe4 Bxf6 16. Bxf6 Qf8 17. Qc4 d5 18. Bxd5 Qxf6 19. Rd1 Ke8 20. Rf1 Bf5 21. g4 Qb6+ 22. Kh1 Rd8 23. Bf7+ Kf8 24. gxf5 gxf5 0-1

[Event "*** Titled Tuesday Blitz"]
[Site "Chess.com"]
[Date "2020.05.05"]
[Round "6"]
[White "Orest_Vovk"]
[Black "IAgrest"]
[Result "1-0"]
[WhiteElo "2420"]
[BlackElo "2256"]
[TimeControl "180+1"]
[EndTime "11:06:15 PDT"]
[Termination "Orest_Vovk won by resignation"]

1. g4 e5 2. Bg2 d5 3. h3 Nc6 4. c4 d4 5. Bxc6+ bxc6 6. d3 h5 7. g5 Be7 8. Nf3 f6 9. Qa4 Bd7 10. Nh4 c5 11. Qa6 c6 12. Ng6 Rh7 13. Rg1 Qc7 14. gxf6 Nxf6 15. Bg5 Rb8 16. b3 Bxh3 17. Nd2 Bf5 18. Nxe7 Kxe7 19. O-O-O Kf7 20. f3 Rhh8 21. Rdf1 Nh7 22. Ne4 g6 23. Nxc5 Nxg5 24. Rxg5 Qe7 25. Ne4 Rb6 26. Qa5 Kg7 27. Rfg1 Rf8 28. Rxh5 Rh8 29.
Rxf5 1-0

[Event "*** Titled Tuesday Blitz"]
[Site "Chess.com"]
[Date "2020.05.05"]
[Round "6"]
[White "HarutyunianTigranK"]
[Black "Oleksandr_Bortnyk"]
[Result "0-1"]
[WhiteElo "2710"]
[BlackElo "2993"]
[TimeControl "180+1"]
[EndTime "11:06:17 PDT"]
[Termination "Oleksandr_Bortnyk won by resignation"]

1. c4 d6 2. Nf3 e5 3. Nc3 f5 4. g3 Nf6 5. d4 e4 6. Nh4 Be7 7. Bg5 O-O 8. Ng2 Be6 9. e3 c6 10. Bxf6 Bxf6 11. h4 c5 12. Nf4 Bf7 13. Ncd5 cxd4 14.
Nxf6+ Qxf6 15. Qxd4 Qxd4 16. exd4 Nc6 17. O-O-O Rac8 18. b3 d5 19. Kb2 dxc4 20. Bxc4 Bxc4 21. bxc4 Rfd8 22. Ne6 Rd6 23. d5 Ne5 24. c5 Rd7 25. Kc3 Nd3 26. Rxd3 exd3 27. Kd4 b6 28. cxb6 axb6 29.
Rd1 Ra8 30. Rxd3 Rxa2 31. f4 Re2 32. Rd1 Rxe6 0-1

[Event "*** Titled Tuesday Blitz"]
[Site "Chess.com"]
[Date "2020.05.05"]
[Round "6"]
[White "algatar2020"]
[Black "pgradalski"]
[Result "0-1"]
[WhiteElo "1839"]
[BlackElo "2207"]
[TimeControl "180+1"]
[EndTime "11:06:18 PDT"]
[Termination "pgradalski won on time"]

1. g3 d5 2. Bg2 Nf6 3. d3 c6 4. Nf3 e6 5. O-O Be7 6. c3 O-O 7. Nbd2 a5 8. e4 dxe4 9. dxe4 Nbd7 10. Qc2 Nc5 11. Re1 Nd3 12. Rf1 Nxc1 13. Raxc1 Qb6 14. h3 Rd8 15. Nc4 Qc5 16. Nfd2 b5 17. Ne3 Bb7 18.
Nb3 Qb6 19. e5 Nd7 20. Qe4 a4 21. Nd2 Nc5 22. Qc2 Nd3 23. Rcd1 Nxe5 24. Kh2 Nd7 0-1

[Event "*** Titled Tuesday Blitz"]
[Site "Chess.com"]
[Date "2020.05.05"]
[Round "6"]
[White "TengisChess"]
[Black "chessuriel"]
[Result "1-0"]
[WhiteElo "2538"]
[BlackElo "2232"]
[TimeControl "180+1"]
[EndTime "11:06:19 PDT"]
[Termination "TengisChess won by resignation"]

1. c4 c5 2. Nc3 Nf6 3. g3 d5 4.
Bg2 d4 5. Nd5 Nbd7 6. Nxf6+ Nxf6 7. Nf3 Qc7 8. d3 e5 9. O-O Bd7 10. e3 Be7 11. exd4 exd4 12. Re1 Bc6 13. Bf4 Qd8 14.
Qe2 Kf8 15. a3 a5 16. Ne5 Bxg2 17. Kxg2 Ra6 18. Qf3 Rb6 19. Re2 h6 20. Rae1 Bd6 21. Ng4 Nxg4 22. Qxg4 Bxf4 23. Re8+ Qxe8 24. Rxe8+ Kxe8 25. Qc8+ Ke7 26. Qxh8 Be5 27. Qc8 Bd6 28. Qg4 g6 29.
Qe2+ Kd7 30. h4 Be7 31. Qc2 Kc7 32. Qa4 Rxb2 33. Qe8 Kd6 34. Qxf7 g5 35. h5 Kd7 36. Qf5+ Kd8 37. Qe6 Rb3 38. Qxh6 Rxa3 39. Qg6 Ra1 40.
h6 1-0

[Event "*** Titled Tuesday Blitz"]
[Site "Chess.com"]
[Date "2020.05.05"]
[Round "6"]
[White "A-Fier"]
[Black "ALeks_Ivlev"]
[Result "0-1"]
[WhiteElo "2774"]
[BlackElo "2596"]
[TimeControl "180+1"]
[EndTime "11:06:23 PDT"]
[Termination "ALeks_Ivlev won by resignation"]

1. e4 c5 2. Nf3 d6 3. d4 cxd4 4. Nxd4 Nf6 5. Nc3 g6 6. Be3 Bg7 7. f3 a6 8. Qd2 h5 9. Be2 b5 10. O-O Bb7 11. a3 O-O 12. Bd3 Nbd7 13. h3 Rc8 14. f4 Rxc3 15. Qxc3 Nxe4 16. Qe1 Ndc5 17. f5 e5 18. fxe6 fxe6 19. Rxf8+ Qxf8 20. Bf1 Qe7 21. Rd1 Be5 22. b4 Bg3 23. Qe2 Nc3 24. Qd2 N5e4 25.
Qd3 Nxd1 26. Qxd1 Qf6 27. Nf3 Bd5 28. Bd4 Qf4 29. Bd3 g5 30. Qe2 g4 31. Be3 gxf3 32.
gxf3 Nc3 33. Bh7+ Kxh7 34. Qd3+ Qf5 35. Qxc3 Qxf3 36. Qc7+ Kg6 0-1

[Event "*** Titled Tuesday Blitz"]
[Site "Chess.com"]
[Date "2020.05.05"]
[Round "6"]
[White "Caisachess"]
[Black "Ashedu66"]
[Result "1-0"]
[WhiteElo "2338"]
[BlackElo "2152"]
[TimeControl "180+1"]
[EndTime "11:06:24 PDT"]
[Termination "Caisachess won by resignation"]

1. e4 e5 2. Nf3 Nc6 3. Bc4 Bc5 4. d3 Nf6 5. c3 a6 6. Bb3 Ba7 7. Bd2 O-O 8. O-O d5 9. Qe2 Re8 10. Bg5 dxe4 11. dxe4 Qe7 12. Nbd2 Be6 13. Rad1 Rad8 14. h3 h6 15. Be3 Bxb3 16. axb3 Nh5 17. g3 Qf6 18.
Bxa7 Nxa7 19. Nh4 g6 20. Qe3 Nc6 21. Qxh6 Rd3 22. Nc4 Red8 23. Rxd3 Rxd3 24. Ne3 Rd2 25. Ng4 Qg7 26. Qxd2 1-0

[Event "*** Titled Tuesday Blitz"]
[Site "Chess.com"]
[Date "2020.05.05"]
[Round "6"]
[White "chito89"]
[Black "MartinCerveny"]
[Result "1-0"]
[WhiteElo "2792"]
[BlackElo "2594"]
[TimeControl "180+1"]
[EndTime "11:06:25 PDT"]
[Termination "chito89 won by resignation"]

1. e4 c5 2. Nc3 a6 3. g3 b5 4. Bg2 Bb7 5. d3 g6 6. h4 h5 7.
Nh3 Bg7 8. Be3 d6 9. Qd2 Nc6 10. Ng5 Nf6 11. f3 e6 12. O-O-O b4 13. Ne2 a5 14. d4 c4 15. c3 a4 16. cxb4 a3 17.
b5 axb2+ 18. Qxb2 Na5 19. Nc3 Nd7 20. Bh3 O-O 21. g4 hxg4 22. Bxg4 e5 23. Bxd7 Qxd7 24. d5 Rfb8 25. h5 f6 26. Ne6 g5 27. h6 Bf8 28.
Qh2 Kh8 29. Qh5 Bc8 30. Qg6 Qe7 31. Qg7+ 1-0

[Event "*** Titled Tuesday Blitz"]
[Site "Chess.com"]
[Date "2020.05.05"]
[Round "6"]
[White "Indianlad"]
[Black "Baby_Legs"]
[Result "1-0"]
[WhiteElo "2912"]
[BlackElo "2682"]
[TimeControl "180+1"]
[EndTime "11:06:27 PDT"]
[Termination "Indianlad won by resignation"]

1. d4 d5 2. c4 e6 3. Nf3 Nf6 4.
g3 Bb4+ 5. Bd2 Bd6 6. Bg2 O-O 7. Qb3 c6 8. O-O Ne4 9. Bb4 Bxb4 10. Qxb4 a5 11. Qb3 Nd7 12. Nbd2 f5 13. Qc2 b6 14. cxd5 cxd5 15. Qc6 Ra7 16. Qxe6+ Kh8 17. Qxd5 Bb7 18. Qb3 Ndf6 19. Nxe4 fxe4 20. Ne5 Bd5 21. Qe3 Qd6 22. Rfc1 Qe6 23. a3 Ng4 24. Nxg4 Qxg4 25. Rc2 Raf7 26.
Rf1 h6 27. h3 Qg6 28. Kh2 Qd6 29. Kg1 Qg6 30. Rc3 Rf6 31. g4 Qf7 32. Qg3 Rf4 33.
e3 Rf6 34. Rc7 Qg6 35. Qe5 Ba8 36. Qh5 Qxh5 37. gxh5 Rf5 38. Rfc1 Rxf2 39. Rc8 Bd5 40. Rxf8+ Rxf8 41. Rf1 Rc8 42. Rf5 Rc1+ 43. Kh2 Bc6 44. d5 Bd7 45. Rf8+ Kh7 46. Bxe4+ 1-0

[Event "*** Titled Tuesday Blitz"]
[Site "Chess.com"]
[Date "2020.05.05"]
[Round "6"]
[White "Semen16"]
[Black "amiralfio"]
[Result "1/2-1/2"]
[WhiteElo "2321"]
[BlackElo "2454"]
[TimeControl "180+1"]
[EndTime "11:06:28 PDT"]
[Termination "Game drawn by agreement"]

1. e4 d5 2. exd5 Qxd5 3. Nc3 Qa5 4. b4 Qxb4 5. Rb1 Qd6 6. d4 c6 7. Nf3 Nf6 8. Bc4 b5 9. Bb3 Bg4 10. O-O e6 11. h3 Bh5 12. a4 b4 13. Na2 a5 14. c3 Nbd7 15. cxb4 axb4 16. Bd2 Rb8 17. Bc2 Be7 18. Bxb4 Qf4 19. Bxe7 Kxe7 20. g4 Nxg4 21. hxg4 Bxg4 22. Qd2 Qxf3 23. Qg5+ Nf6 24. Qc5+ Kd7 25. Qa7+ Kd6 26. Rxb8 Bh3 27. Qc5+ Kd7 28. Qa7+ Kd6 29. Qc5+ 1/2-1/2

[Event "*** Titled Tuesday Blitz"]
[Site "Chess.com"]
[Date "2020.05.05"]
[Round "6"]
[White "rakshi2005"]
[Black "Lubov_Gordyk"]
[Result "0-1"]
[WhiteElo "2308"]
[BlackElo "2637"]
[TimeControl "180+1"]
[EndTime "11:06:29 PDT"]
[Termination "Lubov_Gordyk won by resignation"]

1. e4 g6 2. d4 Bg7 3. Nc3 d6 4. Bg5 a6 5. Qd2 b5 6. a3 Nd7 7.
f4 Bb7 8. Bd3 c5 9. d5 c4 10.
Be2 Nc5 11. Nf3 Nf6 12. Bxf6 exf6 13. Nd4 Qb6 14. Bf3 O-O 15. O-O f5 16. Kh1 fxe4 17.
Be2 f5 18. Ne6 Nxe6 19. dxe6 Rfe8 20. Nd5 Qc5 21. Rad1 Rxe6 22. c3 e3 23. Qc2 Bxd5 24. Rxd5 Qxd5 25. Bf3 Re4 26. Rd1 Qe6 27. Bxe4 Qxe4 28.
Qe2 d5 29. Kg1 Re8 30. h4 d4 31. cxd4 Bxd4 32. h5 Qxf4 33. hxg6 hxg6 34. Rf1 Qf2+ 35. Rxf2 exf2+ 36. Kf1 Rxe2 37. Kxe2 Bxb2 38. Kxf2 Bxa3 39. Ke2 Bc5 40. Kd2 Kf7 41. Kc2 Ke6 42. g4 Kd5 43. gxf5 gxf5 0-1